 Dungeon Crawl Stone Soup version 0.23-a0-242-g2b5ca64 (console) character file.

1891 nht the Slicer (level 9, -1/55 HPs)
             Began as an Octopode Assassin on Sept 28, 2018.
             Was an Initiate of Ashenzari.
             Slain by an orc
             ... wielding a cursed +0 club
              (8 damage)
             ... on level 7 of the Dungeon.
             The game lasted 00:08:35 (4738 turns).

nht the Slicer (Octopode Assassin)                  Turns: 4738, Time: 00:08:36

Health: -1/55      AC:  1    Str: 10    XL:     9   Next: 15%
Magic:  10/10      EV:  7    Int: 16    God:    Ashenzari [......]
Gold:   344        SH:  0    Dex: 14    Spells: 8/8 levels left

rFire    . . .     SeeInvis .   a - +1 dagger (venom)
rCold    . . .     Gourm    .   (no shield)
rNeg     . . .     Faith    .   (helmet restricted)
rPois    .         Spirit   .   (no amulet)
rElec    .         Reflect  .   s - ring of resist corrosion (curse)
rCorr    +         Harm     .   (no ring)
MR       .....                  (no ring)
Stlth    ++++......             (no ring)
HPRegen  0.18/turn              (no ring)
MPRegen  0.12/turn              (no ring)
                                (no ring)
                                (no ring)

@: held
A: almost no armour, stealthy swim, amphibious, 8 rings, constrict 8, camouflage
1, gelatinous body 1
a: Curse Item, Renounce Religion


You were on level 7 of the Dungeon.
You worshipped Ashenzari.
Ashenzari was noncommittal.
You were not hungry.

You visited 2 branches of the dungeon, and saw 8 of its levels.

You collected 344 gold pieces.

Inventory:

Hand Weapons
 a - a +1 dagger of venom (weapon)
 b - a +1 blowgun
 g - a +2 dagger
 o - the +5 mace of Power {drain, rC+ MP+9 Dex+3}
   (You found it on level 5 of the Dungeon)

   A truly terrible weapon, it drains the life of those it strikes.
   It affects your dexterity (+3).
   It protects you from cold.
   It affects your magic capacity (+9).
Missiles
 c - 27 poisoned needles
 d - 2 curare-tipped needles
 e - 6 tomahawks (quivered)
Jewellery
 s - a cursed ring of resist corrosion (left tentacle)
Wands
 u - a wand of paralysis (1)
 w - a wand of iceblast (6)
Scrolls
 i - 3 scrolls of fear
 j - a scroll of enchant weapon
 m - 6 scrolls of remove curse
 n - 2 scrolls of amnesia
 r - 5 scrolls of teleportation
 t - a scroll of magic mapping
 y - a scroll of fog {unknown}
Potions
 h - a potion of curing
 k - 2 potions of brilliance {unknown}
 l - 2 potions of flight
 p - a potion of might {unknown}
 q - 2 potions of haste
 v - a potion of invisibility {unknown}
 x - a potion of resistance {unknown}
Comestibles
 f - 15 rations
 z - 4 chunks of flesh


   Skills:
 + Level 2.5 Fighting
 - Level 11.0 Short Blades
 + Level 2.5 Throwing
 + Level 1.8 Dodging
 + Level 5.8 Stealth
 + Level 1.4 Evocations


You had 8 spell levels left.
You didn't know any spells.
Your spell library was empty.

Dungeon Overview and Level Annotations

Branches:
Dungeon (7/15)             Temple (1/1) D:6

Altars:
Ashenzari
Cheibriados
Elyvilon
Fedhas
Gozag
Kikubaaqudgha
Makhleb
Nemelex Xobeh
Okawaru
Ru
Trog
Yredelemnul
Zin
The Shining One

Shops:
D:5 }


Innate Abilities, Weirdness & Mutations

You cannot wear most types of armour.
You are very stealthy in the water. (Stealth+)
You are amphibious.
You can wear up to eight rings at the same time.
You can use your tentacles to constrict eight enemies at once.
Your skin changes colour to match your surroundings (Stealth+).
Your rubbery body absorbs attacks. (AC +1, EV +1)


Message History

The orc warrior is heavily wounded.
The iceblast engulfs the orc priest.
You kill the orc priest!
Unknown command.
Evoke which item? (* to show all) (? for menu, Esc to quit)
Aiming: Iceblast
Press: ? - help, Shift-Dir - straight line The mass of ice explodes!
The iceblast engulfs the orc warrior.
The orc warrior is almost dead.
The gnoll throws a throwing net.
The throwing net hits you.
You become entangled in the net!
The orc hits you with a club.
You struggle against the net.
The orc warrior hits you with a morningstar!
A gnoll comes into view. It is wielding a flail.
The orc hits you with a club.
You tear a large gash into the net.
The orc warrior hits you with a morningstar!!
* * * LOW HITPOINT WARNING * * *
The orc hits you with a club!
You die...

.█...█.█ █ .█.███.█ .█ ..
.█.███.█ ██.█. █.█
.█.....█ █... .g.
.....███ █...█g█
.....████████ █.....█
.....██.....█ █.█...█ █
.....██.....████o....█.█
......'.....+$..@o)....██
███████.....███.█..?.....
█..<........█ █.█..█..███
███████)....███.█........
......))█.............██
███████.███████.█.█......
█.█ █.█.█...>.. █.█
█......█.██ █.█ ███.██ █


You could see an orc warrior, 2 gnolls and an orc.

Vanquished Creatures
  Prince Ribbit (D:5)
  Sigmund (D:4)
  Eustachio (D:5)
  Duvessa (D:4)
  An orc warrior (D:7)
  2 phantoms
  A bullfrog (D:6)
  Dowan (D:4)
  A howler monkey (D:4)
  A crimson imp (D:6)
  A centaur zombie (D:5)
  2 bullfrog skeletons
  3 orc priests
  2 jellies
  5 orc wizards
  Crazy Yiuf (D:5)
  An iguana (D:7)
  A centaur skeleton (D:6)
  Ijyb (D:5)
  Natasha (thrice) (D:4)
  3 worker ants
  A hound zombie (D:7)
  8 adders
  3 oozes
  3 worms
  2 leopard geckos
  14 orcs
  A ball python (D:3)
  4 bats
  4 giant cockroaches
  7 goblins
  4 hobgoblins
  11 jackals
  6 kobolds
  4 quokkas
  4 frilled lizards
  6 rats
  A fungus (D:5)
117 creatures vanquished.

Vanquished Creatures (others)
  5 toadstools (D:1)
5 creatures vanquished.

Grand Total: 122 creatures vanquished

Notes
Turn   | Place    | Note
-------+----------+-------------------------------------------
     0 | D:1      | nht the Octopode Assassin began the quest for the Orb.
     0 | D:1      | Reached XP level 1. HP: 14/14 MP: 1/1
    47 | D:1      | Reached XP level 2. HP: 19/19 MP: 2/2
   222 | D:1      | Reached skill level 3 in Short Blades
   474 | D:1      | Reached XP level 3. HP: 19/24 MP: 3/3
   693 | D:2      | Found an ancient bone altar of Kikubaaqudgha.
   998 | D:2      | Reached skill level 4 in Short Blades
  1182 | D:2      | Reached XP level 4. HP: 29/29 MP: 4/4
  1685 | D:4      | Reached skill level 5 in Short Blades
  1685 | D:4      | Reached XP level 5. HP: 34/34 MP: 5/5
  1688 | D:4      | Noticed Sigmund
  1837 | D:4      | Noticed a phantom
  1848 | D:4      | Killed a phantom
  1850 | D:4      | Killed Sigmund
  1850 | D:4      | Reached skill level 7 in Short Blades
  1850 | D:4      | Reached XP level 6. HP: 28/39 MP: 6/6
  2180 | D:4      | Noticed Duvessa
  2187 | D:4      | Killed Duvessa
  2187 | D:4      | Reached XP level 7. HP: 45/45 MP: 7/7
  2189 | D:4      | Noticed Dowan
  2215 | D:4      | Killed Dowan
  2411 | D:4      | Noticed Natasha
  2413 | D:4      | Killed Natasha
  2413 | D:4      | Reached skill level 8 in Short Blades
  2457 | D:4      | Noticed Natasha
  2465 | D:4      | Killed Natasha
  2521 | D:4      | Noticed Natasha
  2529 | D:4      | Killed Natasha
  2734 | D:5      | Entered Level 5 of the Dungeon
  2734 | D:5      | Noticed Ijyb
  2735 | D:5      | Paralysed by Ijyb for 3 turns
  2739 | D:5      | Killed Ijyb
  2772 | D:5      | Noticed Prince Ribbit
  2776 | D:5      | Killed Prince Ribbit
  2776 | D:5      | Reached skill level 9 in Short Blades
  2776 | D:5      | Reached XP level 8. HP: 50/50 MP: 8/8
  2784 | D:5      | Found Zifeb's Gadget Shoppe.
  2993 | D:5      | Reached skill level 10 in Short Blades
  3188 | D:5      | Noticed Eustachio
  3192 | D:5      | Killed Eustachio
  3411 | D:5      | Found a runed door.
  3415 | D:5      | Noticed Crazy Yiuf
  3419 | D:5      | Killed Crazy Yiuf
  3422 | D:5      | Got a polished mace
  3423 | D:5      | Identified the +5 mace of Power {drain, rC+ MP+9 Dex+3}
                  | (You found it on level 5 of the Dungeon)
  3514 | D:6      | Found a staircase to the Ecumenical Temple.
  3559 | Temple   | Entered the Ecumenical Temple
  3607 | Temple   | Became a worshipper of Ashenzari the Shackled
  3960 | D:6      | Reached skill level 11 in Short Blades
  4117 | D:6      | Reached XP level 9. HP: 54/54 MP: 9/9
  4639 | D:7      | Reached skill level 1 in Evocations
  4738 | D:7      | Slain by an orc

Vault maps used:
D:1:      ldierk_walled_garden, serial_curves, eino_curves_03, eino_curves_04
D:2:      kiku_gazebo_garden_becter, kennysheep_generic_room_10
D:4:      first_ration, uniq_natasha, uniq_duvessa, uniq_sigmund
D:5:      serial_shops, kennysheep_little_box, uniq_crazy_yiuf_cottage,
          uniq_eustachio, uniq_ijyb, uniq_prince_ribbit1
D:6:      temple_statues
D:7:      basic_altar
Temple:   cyrus_circular_temple

Skill      XL: |  1  2  3  4  5  6  7  8  9 |
---------------+----------------------------+-----
Short Blades   | 3 4 5 7 9 11 | 11.0
Evocations     | 1 |  1.4
Fighting       | |  2.5
Throwing       | |  2.5
Dodging        | |  1.8
Stealth        | |  5.8

Action                   |  1- 3 |  4- 6 |  7- 9 || total
-------------------------+-------+-------+-------++-------
Melee: Dagger            |    13 |    19 |   153 ||   185
       Tentacles         |     7 |     8 |    24 ||    39
       Constrict         |    14 |    10 |    27 ||    51
       Short sword       |    48 |    32 |       ||    80
 Fire: Blowgun           |       |       |     5 ||     5
Invok: Curse Item        |       |       |     1 ||     1
Evoke: Wand              |       |     6 |    28 ||    34
  Use: Scroll            |       |     4 |     5 ||     9
       Potion            |       |       |     5 ||     5
 Stab: Sleeping          |    14 |     8 |    16 ||    38
       Distracted        |     1 |       |       ||     1
       Paralysed         |       |       |     5 ||     5
  Eat: Chunk             |     1 |     3 |     8 ||    12
Armor: Skin              |     6 |     1 |     5 ||    12
Dodge: Dodged            |    25 |    22 |    48 ||    95

Table legend:
 A = Non-vault XP
 B = Vault XP
 C = Vault XP percentage of total XP
 D = Non-vault monster count
 E = Vault monster count
 F = Vault count percentage of total count
                 A         B        C        D         E       F
            +---------+---------+-------+---------+---------+-------
      Total |    1644 |    1058 |  39.2 |     107 |       9 |   7.8
            +---------+---------+-------+---------+---------+-------
        D:1 |      43 |       0 |   0.0 |      20 |       0 |   0.0
        D:2 |      30 |      13 |  30.2 |      12 |       1 |   7.7
        D:3 |      49 |       0 |   0.0 |      15 |       0 |   0.0
        D:4 |     393 |     503 |  56.1 |      13 |       4 |  23.5
        D:5 |     568 |     542 |  48.8 |      24 |       4 |  14.3
        D:6 |     276 |       0 |   0.0 |      14 |       0 |   0.0
        D:7 |     285 |       0 |   0.0 |       9 |       0 |   0.0
            +---------+---------+-------+---------+---------+-------
